 Dungeon Crawl Stone Soup version 0.26.0-16-gc1dbca0489 (webtiles) character file.

Game seed: 7195670506170235157

953 kaeus the Chopper (level 8, -2/71 HPs)
             Began as a Hill Orc Monk on Jan 19, 2021.
             Slain by a phantom (5 damage)
             ... on level 4 of the Dungeon.
             The game lasted 00:08:54 (4270 turns).

kaeus the Chopper (Hill Orc Monk)                   Turns: 4270, Time: 00:08:54

Health: -2/71      AC: 11    Str: 16    XL:     8   Next: 14%
Magic:  8/8        EV:  9    Int: 10    God:
Gold:   156        SH:  0    Dex: 13    Spells: 7/7 levels left

rFire    . . .     SeeInvis .   a - +0 hand axe
rCold    . . .     Faith    .   (no shield)
rNeg     . . .     Spirit   .   h - +0 chain mail
rPois    .         Reflect  .   (helmet restricted)
rElec    .         Harm     .   (no cloak)
rCorr    .         Rampage  .   (no gloves)
Will     .....                  e - +2 pair of boots
Stlth    ..........             (no amulet)
HPRegen  0.21/turn              (no ring)
MPRegen  0.11/turn              (no ring)

@: mighty
A: horns 1, sturdy frame 1
a: no special abilities


You were on level 4 of the Dungeon.
You visited 1 branch of the dungeon, and saw 4 of its levels.

You collected 156 gold pieces.

Inventory:

Hand Weapons
 a - a +0 hand axe (weapon)
 n - a +0 flail of protection
Armour
 e - a +2 pair of boots (worn)
 h - a +0 chain mail (worn)
Magical Staves
 k - an uncursed staff of earth
Scrolls
 f - 3 scrolls of teleportation
 i - 2 scrolls of remove curse {unknown}
Potions
 c - a potion of attraction


   Skills:
 + Level 6.5 Fighting
 + Level 7.1 Axes
 + Level 4.5 Dodging
 + Level 4.3 Stealth


You had 7 spell levels left.
You didn't know any spells.
Your spell library was empty.

Dungeon Overview and Level Annotations

Branches:
Dungeon (4/15)
 Temple: D:4-7

Altars:
Sif Muna
Wu Jian
The Shining One

Annotations:
D:3 2 transporters, SnakkuSnakku7's ghost, amateur VSAM


Innate Abilities, Weirdness & Mutations

You have a pair of small horns on your head.
Your movements are slightly less encumbered by armour. (ER -2)


Message History

Okay, then.
There is an open door here.
Items here: ) †††.
You closely miss the phantom. You headbutt the phantom.
The phantom is moderately damaged.
The phantom hits you.
* * * LOW HITPOINT WARNING * * *
You slash the phantom!
The phantom is heavily damaged.
The phantom hits you but does no damage.
You slash the phantom! Your headbutt misses the phantom.
The phantom is severely damaged.
The phantom closely misses you.
You hit the phantom.
The phantom is almost destroyed.
The phantom barely misses you.
You barely miss the phantom. You headbutt the phantom.
The phantom is almost destroyed.
The phantom hits you.
You die...

8# .## .8# .## ##+##
8# ##...## # ##
##.....## ### .# #
##.......## ##.###.#
#.........####......#
+........W@.†.....#
#.........####...##
##.......## ##..#
##.....## ##.#
##...## #.#
###########+## #.#
#.........#.# #.#
#.#######.#.# ### #.#
..# #.#.## ##.##


You could see a phantom.

Vanquished Creatures
  Pikel (D:4)
  A phantom (D:4)
  An ogre (D:4)
  A scorpion (D:4)
  An orc wizard (D:4)
  Jessica (D:2)
  A worker ant (D:4)
  4 gnolls (D:3)
  4 adders
  An ooze (D:1)
  5 worms
  5 dart slugs
  6 leopard geckos
  9 orcs
  9 bats
  6 giant cockroaches
  7 goblins
  8 hobgoblins
  7 kobolds
  A quokka (D:3)
  2 ball pythons (D:2)
  3 frilled lizards
  4 rats
88 creatures vanquished.

Notes
Turn   | Place    | Note
-------+----------+-------------------------------------------
     0 | D:1      | kaeus the Hill Orc Monk began the quest for the Orb.
     0 | D:1      | Reached XP level 1. HP: 19/19 MP: 1/1
   458 | D:1      | Reached XP level 2. HP: 26/27 MP: 2/2
   836 | D:1      | Reached XP level 3. HP: 31/33 MP: 3/3
  1433 | D:2      | Noticed Jessica
  1443 | D:2      | Killed Jessica
  1444 | D:2      | Reached XP level 4. HP: 27/41 MP: 4/4
  1582 | D:2      | Found a shimmering blue altar of Sif Muna.
  2052 | D:3      | Found a glowing golden altar of the Shining One.
  2153 | D:3      | Reached skill level 5 in Axes
  2198 | D:3      | Reached XP level 5. HP: 21/47 MP: 5/5
  2446 | D:3      | Found a transporter.
  2451 | D:3      | Noticed SnakkuSnakku7's ghost (amateur VSAM)
  3112 | D:3      | Found a transporter.
  3595 | D:4      | Reached skill level 5 in Fighting
  3595 | D:4      | Reached XP level 6. HP: 35/56 MP: 6/6
  3743 | D:4      | Noticed a phantom
  3749 | D:4      | Noticed Pikel
  3782 | D:4      | Killed Pikel
  3783 | D:4      | Reached skill level 6 in Axes
  3783 | D:4      | Reached XP level 7. HP: 30/63 MP: 7/7
  4119 | D:4      | Found an ornate altar of the Wu Jian Council.
  4177 | D:4      | Reached XP level 8. HP: 22/71 MP: 8/8
  4182 | D:4      | Reached skill level 7 in Axes
  4262 | D:4      | Gained mutation: You have a pair of small horns on your
                  | head. [potion of mutation]
  4262 | D:4      | Gained mutation: Your movements are slightly less
                  | encumbered by armour. (ER -2) [potion of mutation]
  4266 | D:4      | HP: 3/71 [phantom (4)]
  4270 | D:4      | Slain by a phantom

Illustrated notes

Levels and vault maps discovered:
D:1:      dpeg_arrival_line_fractal, layout_loops_corners, minmay_cut_off
D:2:      layout_rooms, lemuel_blue_sif_altar, uniq_jessica
D:3:      layout_basic, tso_metal_star, gammafunk_ghost_arena,
          minmay_misc_feat_pillars
D:4:      layout_loops_corners, zin_treasury, nzn_wu_jian_council_hall,
          kennysheep_mini, amethyst_killhole, nrook_mini_backslash,
          minivault_14, uniq_pikel

Skill      XL: |  1  2  3  4  5  6  7  8 |
---------------+-------------------------+-----
Fighting       | 4 5 6 |  6.5
Stealth        | 2 3 4 |  4.3
Dodging        | 3 4 |  4.5
Axes           | 5 6 7 |  7.1

Action                   |  1- 3 |  4- 6 |  7- 9 || total
-------------------------+-------+-------+-------++-------
Melee: Hand axe          |   110 |   287 |    82 ||   479
       Headbutt          |       |       |     2 ||     2
  Use: Potion            |     1 |       |     4 ||     5
       Scroll            |       |       |     4 ||     4
 Stab: Sleeping          |     2 |       |       ||     2
       Distracted        |       |     1 |       ||     1
Armor: Robe              |     5 |       |       ||     5
       Ring mail         |     5 |       |       ||     5
       Chain mail        |    53 |   149 |    19 ||   221
       Skin              |       |       |    17 ||    17
Dodge: Dodged            |    51 |    97 |    34 ||   182
